 Dungeon Crawl Stone Soup version 0.22.0-18-ge075c0d (webtiles) character file.

36660 Larmestyx the Geomancer (level 13, -9/80 HPs)
             Began as a Gargoyle Earth Elementalist on Aug 17, 2018.
             Was an Elder of Vehumet.
             Mangled by a death yak (20 damage)
             ... on level 5 of the Lair of Beasts on Aug 18, 2018.
             The game lasted 03:55:48 (20651 turns).

Larmestyx the Geomancer (GrEE)                     Turns: 20651, Time: 03:55:49

Health: -9/80      AC: 17    Str: 13    XL:     13   Next: 91%
Magic:  2/26       EV: 16    Int: 26    God:    Vehumet [****..]
Gold:   1041       SH:  0    Dex: 14    Spells: 21/30 levels left

rFire    . . .     SeeInvis +   S - +0 morningstar (crush)
rCold    + . .     Gourm    .   (no shield)
rNeg     + . .     Faith    .   n - +2 robe {MR+}
rPois    ∞         Spirit   .   V - +1 hat {SInv}
rElec    +         Reflect  .   U - +0 cloak
rCorr    .         Harm     .   (no gloves)
MR       ++...                  Y - +0 pair of boots {run}
Stlth    ++........             (no amulet)
HPRegen  0.23/turn              a - +6 ring of intelligence
MPRegen  0.20/turn              O - ring of the Original Sin {rC+ MR+ Dex+4}

@: quick
A: negative energy resistance 1, electricity resistance, unbreathing,
petrification resistance, rot immunity, AC +9
a: Renounce Religion


You were on level 5 of the Lair of Beasts.
You worshipped Vehumet.
Vehumet was greatly pleased with you.
You were not hungry.

You visited 3 branches of the dungeon, and saw 17 of its levels.

You collected 1041 gold pieces.

Inventory:

Hand Weapons
 F - a +2 whip of freezing
 S - a +0 morningstar of crushing (weapon)
Missiles
 b - 71 stones (quivered)
Armour
 f - a +2 robe of cold resistance
 l - a +0 helmet
 n - a +2 robe of magic resistance (worn)
 K - a +0 shield
 P - a +0 troll leather armour
 U - a +0 cloak (worn)
 V - a +1 hat of see invisible (worn)
 Y - a +0 pair of boots of running (worn)
Magical Staves
 H - an uncursed staff of power
 T - an uncursed staff of air
Jewellery
 a - a +6 ring of intelligence (left hand)
 q - a +3 ring of intelligence
 s - an uncursed ring of fire
 u - an uncursed ring of fire
 A - a +3 ring of evasion
 C - a +3 ring of intelligence
 O - the ring of the Original Sin (right hand) {rC+ MR+ Dex+4}
   (You found it on level 8 of the Dungeon)

   [ring of protection from magic]

   It affects your dexterity (+4).
   It protects you from cold.
   It affects your resistance to hostile enchantments.
 X - an uncursed ring of resist corrosion
Wands
 c - a wand of polymorph (10)
 G - a wand of disintegration (9)
 L - a wand of enslavement (30)
 R - a wand of digging (31)
 W - a wand of paralysis (17)
 Z - a wand of random effects (16)
Scrolls
 i - 2 scrolls of magic mapping
 k - 5 scrolls of fear
 o - 4 scrolls of amnesia
 p - 5 scrolls of teleportation
 r - 2 scrolls of remove curse
 v - 2 scrolls of immolation
 y - 3 scrolls of enchant armour
 z - 2 scrolls of blinking
 M - 2 scrolls of random uselessness
 N - 2 scrolls of noise
 Q - 2 scrolls of fog
Potions
 e - 5 potions of resistance
 h - 8 potions of curing
 j - 3 potions of agility
 m - 4 potions of brilliance
 t - a potion of magic
 w - 2 potions of heal wounds
 x - 6 potions of might
 B - a potion of berserk rage {unknown}
 D - a potion of lignification
 E - 2 potions of degeneration
 I - 2 potions of flight
 J - 2 potions of ambrosia
Comestibles
 d - 32 rations


   Skills:
 + Level 9.2 Fighting
 + Level 8.0 Maces & Flails
 - Level 6.0 Armour
 + Level 6.8 Dodging
 - Level 2.1 Stealth
 - Level 4.0 Shields
 + Level 9.3 Spellcasting
 + Level 10.2 Conjurations
   Level 0.7 Transmutations
 + Level 12.0 Earth Magic
 + Level 5.8 Evocations


You had 21 spell levels left.
You knew the following spells:

 Your Spells              Type           Power        Failure   Level  Hunger
a - Sandblast             Erth           ######       1%          1    None
b - Stone Arrow           Conj/Erth      ######       1%          3    None
c - Lee's Rapid Deconstr  Erth           ######....   1%          5    ####...

Your spell library contained the following spells:

 Spells                   Type           Power        Failure   Level  Hunger
 Freezing Cloud           Conj/Ice/Air   ####......   41%         6    ######.
 Passwall                 Tmut/Erth      #####...     1%          2    None
 Dazzling Spray           Conj/Hex       #####.       1%          3    None
 Petrify                  Tmut/Erth      #####...     3%          4    #......
 Animate Skeleton         Necr           N/A          4%          1    None
 Apportation              Tloc           ##....       4%          1    None
 Confusing Touch          Hex            ##....       4%          1    None
 Corona                   Hex            ##.....      4%          1    None
 Summon Small Mammal      Summ           ##..         4%          1    None
 Ensorcelled Hibernation  Hex/Ice        ##....       8%          2    None
 Confuse                  Hex            ##......     14%         3    None
 Gell's Gravitas          Tloc           ##........   14%         3    None
 Tukima's Dance           Hex            ##......     14%         3    None
 Yara's Violent Unravell  Hex/Tmut       ##........   28%         5    ####...
 Metabolic Englaciation   Hex/Ice        ##........   80%         5    ####...


Dungeon Overview and Level Annotations

Branches:
Dungeon (10/15)            Temple (1/1) D:4            Lair (6/6) D:9
 Shoals (0/4) Lair:4       Spider (0/4) Lair:3
  Slime: Lair:5-6       Orc: D:9-12

Altars:
Ashenzari
Cheibriados
Dithmenos
Elyvilon
Fedhas
Gozag
Hepliaklqana
Kikubaaqudgha
Makhleb
Nemelex Xobeh
Okawaru
Qazlal
Ru
Sif Muna
Trog
Uskayaw
Vehumet
Wu Jian
Xom
Yredelemnul
Zin
The Shining One

Shops:
D:6 [

Annotations:
D:2 8 exclusions, Sigmund
D:4 Dowan
Lair:5 exclusion: oklob plant, Rupert


Innate Abilities, Weirdness & Mutations

You are resistant to torment.
Your stone body is resilient. (AC +9)
You are immune to poison.
You resist negative energy. (rN+)
You are resistant to electric shocks. (rElec)
You can survive without breathing.
You are immune to petrification.
You are immune to rotting.


Message History

The death yak completely misses you.
Casting: Sandblast (safe; 1% risk of failure)
Confirm with . or Enter, or press ? or * to list all spells.
Aiming: Stone Arrow (safe; 1% risk of failure)
Press: ? - help, Shift-Dir - straight line, f/p - death yak
Aim: a death yak (almost dead)
The stone arrow hits the death yak.
The death yak is almost dead.
The death yak gores you!
* * * LOW HITPOINT WARNING * * *
Casting: Stone Arrow (safe; 1% risk of failure)
Confirm with . or Enter, or press ? or * to list all spells.
Aiming: Sandblast (safe; 1% risk of failure)
Press: ? - help, Shift-Dir - straight line, f/p - death yak
Aim: a death yak (almost dead)
The blast of sand hits the death yak.
The death yak is almost dead.
b - 71 stones The death yak gores you!!
You die...

.###.................<...........
...#......#........P.#.##.#.P###.
........###........P####...###
.........####......#####...#
.......#####.......##...#.###
.......####.................##
.......(#.....##..##.........#
..P..........#.Y............##
##.P............@..........##
#.P.P..##..................##
...PPP..#....#............#.#
.......##....#...........####
......###....#....#.....##
......# #.#...........(## ..#.#.#
####.........#.P# P######
###.#..##.#### ## ##.####.#


You could see a death yak.

Vanquished Creatures
  Josephine (Lair:6)
  Erolcha (D:9)
  Harold (D:7)
  4 hydras
  A two-headed ogre (D:10)
  2 death yaks (Lair:6)
  Pikel (D:7)
  11 elephants (Lair:5)
  4 black mambas
  7 spiny frogs
  Joseph (D:7)
  3 komodo dragons
  2 polar bears
  A troll (D:9)
  Grinder (D:5)
  A meliai (D:8)
  10 hippogriffs
  11 blink frogs
  2 wraiths (Lair:6)
  2 wyverns (D:9)
  3 hogs (D:7)
  A tarantella (Lair:3)
  A hungry ghost (D:9)
  A steam dragon (D:9)
  39 yaks
  3 basilisks
  A human (D:7)
  A warg (Lair:6)
  Menkaure (D:6)
  A hell hound (Lair:6)
  9 water moccasins
  9 porcupines
  3 ice beasts
  4 orc warriors
  A slave (D:7)
  A sky beast (D:7)
  3 phantoms
  6 black bears
  2 ogres
  6 wolves (Lair:6)
  5 centaurs
  14 crocodiles
  2 big kobolds
  Blork the orc (D:4)
  A gnoll sergeant (D:9)
  10 bullfrogs
  3 scorpions
  A water moccasin zombie (D:6)
  6 killer bees
  3 wights (D:9)
  An electric eel (Lair:4)
  2 howler monkeys
  A crimson imp (D:5)
  A centaur zombie (D:9)
  5 jellies
  A quasit (D:7)
  6 hounds
  5 orc priests
  2 centaur skeletons
  7 orc wizards
  A gnoll shaman (D:4)
  2 bullfrog skeletons
  Natasha (thrice) (D:3)
  4 iguanas
  9 worker ants
  A killer bee zombie (D:9)
  A hound zombie (D:5)
  12 gnolls
  10 adders
  5 oozes
  An adder skeleton (D:10)
  2 worms
  2 dart slugs (D:1)
  5 leopard geckos
  32 orcs
  4 ball pythons
  4 giant cockroaches
  6 goblins
  12 hobgoblins
  12 jackals
  17 kobolds
  3 quokkas
  9 bats
  A frilled lizard (D:1)
  A jackal zombie (D:8)
  11 rats
410 creatures vanquished.

Vanquished Creatures (others)
  3 slaves (D:7)
  A centaur (D:7)
  An orc (D:7)
  3 bushes
  29 fungi
  23 plants
60 creatures vanquished.

Grand Total: 470 creatures vanquished

Notes
Turn   | Place    | Note
-------+----------+-------------------------------------------
     0 | D:1      | Larmestyx the Gargoyle Earth Elementalist began the quest for the Orb.
     0 | D:1      | Reached XP level 1. HP: 10/10 MP: 3/3
   330 | D:1      | Reached skill level 4 in Earth Magic
   330 | D:1      | Reached XP level 2. HP: 3/15 MP: 1/5
   858 | D:1      | Reached XP level 3. HP: 18/19 MP: 4/6
  1276 | D:2      | Learned a level 3 spell: Stone Arrow
  1324 | D:2      | Reached XP level 4. HP: 23/24 MP: 5/8
  1413 | D:2      | Reached skill level 5 in Earth Magic
  1772 | D:2      | Noticed Sigmund
  1795 | D:2      | Reached skill level 1 in Conjurations
  1940 | D:3      | Reached XP level 5. HP: 28/28 MP: 10/10
  1997 | D:3      | Noticed Natasha
  2006 | D:3      | Killed Natasha
  2073 | D:3      | Found an iron altar of Okawaru.
  2163 | D:3      | Noticed Natasha
  2542 | D:3      | Killed Natasha
  2542 | D:3      | Reached XP level 6. HP: 17/32 MP: 6/11
  2904 | D:3      | Noticed Natasha
  2954 | D:3      | Reached skill level 6 in Earth Magic
  3019 | D:3      | Killed Natasha
  3397 | D:4      | Noticed Blork the orc
  3408 | D:4      | Killed Blork the orc
  3438 | D:4      | Reached XP level 7. HP: 30/36 MP: 8/13
  3596 | D:4      | Found a staircase to the Ecumenical Temple.
  4227 | Temple   | Entered the Ecumenical Temple
  4318 | D:4      | Learned a level 5 spell: Lee's Rapid Deconstruction
  4321 | D:4      | Found a blossoming altar of Fedhas.
  4350 | D:4      | Reached skill level 7 in Earth Magic
  4407 | D:4      | Noticed Dowan
  4457 | D:5      | Entered Level 5 of the Dungeon
  4554 | D:5      | Reached skill level 1 in Fighting
  4554 | D:5      | Reached skill level 5 in Spellcasting
  4697 | D:5      | Noticed Grinder
  4699 | D:5      | Paralysed by Grinder for 3 turns
  4704 | D:5      | Killed Grinder
  4704 | D:5      | Reached XP level 8. HP: 40/44 MP: 11/16
  5014 | D:5      | Found a sacrificial altar of Ru.
  5111 | D:5      | Reached skill level 5 in Conjurations
  5425 | D:6      | Found a radiant altar of Vehumet.
  5436 | D:6      | Became a worshipper of Vehumet
  5549 | D:6      | You fall through a shaft!
  5564 | D:7      | Reached skill level 1 in Armour
  5591 | D:7      | Reached skill level 1 in Maces & Flails
  5853 | D:7      | Noticed Pikel
  5868 | D:7      | Killed Pikel
  5868 | D:7      | Reached skill level 8 in Earth Magic
  5868 | D:7      | Reached XP level 9. HP: 52/52 MP: 4/17
  5963 | D:7      | Found a shadowy altar of Dithmenos.
  6012 | D:7      | Noticed Joseph
  6328 | D:7      | Killed Joseph
  6410 | D:7      | Found an ancient bone altar of Kikubaaqudgha.
  6410 | D:7      | Found a white marble altar of Elyvilon.
  6417 | D:7      | Reached * piety under Vehumet
  6417 | D:7      | Offered knowledge of Freeze by Vehumet.
  6515 | D:7      | Found a faded altar of an unknown god.
  6517 | D:7      | Found a faded altar of an unknown god.
  6518 | D:7      | Found a glowing golden altar of the Shining One.
  6767 | D:7      | Noticed Harold
  6798 | D:7      | Reached XP level 10. HP: 26/58 MP: 4/19
  7011 | D:7      | Killed Harold
  7011 | D:7      | Reached skill level 5 in Fighting
  7011 | D:7      | Reached skill level 9 in Earth Magic
  7755 | D:6      | Found Wusanoim's Antique Armour Shoppe.
  8062 | D:6      | Noticed Menkaure
  8074 | D:6      | Killed Menkaure
  8383 | D:8      | Upgraded the game from 0.22.0-16-gc6d26f6 to 0.22.0-18-ge075c0d
  8652 | D:8      | Offered knowledge of Searing Ray by Vehumet.
  8786 | D:8      | Reached ** piety under Vehumet
  9213 | D:8      | Reached skill level 1 in Shields
  9808 | D:8      | Reached skill level 5 in Armour
  9845 | D:8      | Got a fine gossamer ring
  9850 | D:8      | Identified the ring of the Original Sin {rC+ MR+ Dex+4} (You found it on level 8 of the Dungeon)
  9936 | D:9      | Reached XP level 11. HP: 64/64 MP: 9/21
  9940 | D:9      | Offered knowledge of Throw Flame by Vehumet.
  9940 | D:9      | Reached skill level 1 in Evocations
 10338 | D:9      | Noticed Erolcha
 10357 | D:9      | Reached skill level 5 in Maces & Flails
 10360 | D:9      | Killed Erolcha
 10459 | D:9      | Reached *** piety under Vehumet
 10663 | D:9      | Reached skill level 10 in Earth Magic
 10664 | D:9      | Found a staircase to the Lair.
 11178 | D:10     | Entered Level 10 of the Dungeon
 11338 | D:10     | Got a warped leather armour
 11357 | D:10     | Noticed a two-headed ogre
 11364 | D:10     | Killed a two-headed ogre
 11637 | D:10     | Identified the +2 leather armour of Agoraphobia {rPois MR- Dex+8} (You found it on level 10 of the Dungeon)
 12224 | D:10     | Offered knowledge of Airstrike by Vehumet.
 12880 | Lair:1   | Entered Level 1 of the Lair of Beasts
 13008 | Lair:1   | Reached skill level 5 in Dodging
 13366 | Lair:1   | Reached **** piety under Vehumet
 13524 | Lair:1   | Offered knowledge of Iskenderun's Battlesphere by Vehumet.
 13527 | Lair:1   | Reached XP level 12. HP: 66/72 MP: 12/23
 14464 | Lair:2   | Found a sacrificial altar of Ru.
 15444 | Lair:3   | Found a hole to the Spider Nest.
 15916 | Lair:3   | Reached skill level 11 in Earth Magic
 16352 | Lair:4   | Identified a +0 pair of boots of running (You found it on level 4 of the Lair of Beasts)
 16670 | Lair:4   | Found a staircase to the Shoals.
 17596 | Lair:5   | Reached XP level 13. HP: 78/78 MP: 16/25
 17823 | Lair:5   | Reached ***** piety under Vehumet
 17855 | Lair:5   | Offered knowledge of Freezing Cloud by Vehumet.
 18289 | Lair:5   | Reached skill level 5 in Evocations
 19044 | Lair:5   | Reached skill level 10 in Conjurations
 19279 | Lair:5   | Noticed Rupert
 19343 | Lair:6   | Entered Level 6 of the Lair of Beasts
 20376 | Lair:6   | Noticed Josephine
 20386 | Lair:6   | Killed Josephine
 20386 | Lair:6   | Reached skill level 12 in Earth Magic
 20651 | Lair:5   | Mangled by a death yak

Skill      XL: |  1  2  3  4  5  6  7  8  9 10 11 12 13 |
---------------+----------------------------------------+-----
Earth Magic    | 4 5 6 7 8 9 10 11 12 | 12.0
Spellcasting   | 3 4 5 6 7 8 9 |  9.3
Conjurations   | 1 2 3 4 5 6 7 8 9 10 | 10.2
Fighting       | 2 3 4 5 7 8 9 |  9.2
Armour         | 2 3 5 6 |  6.0
Maces & Flails | 2 3 4 6 7 8 |  8.0
Dodging        | 2 3 4 5 6 |  6.8
Shields        | 1 4 |  4.0
Evocations     | 3 4 5 |  5.8
Stealth        | |  2.1
Transmutations | |  0.7

Action                   |  1- 3 |  4- 6 |  7- 9 | 10-12 | 13-15 || total
-------------------------+-------+-------+-------+-------+-------++-------
Melee: Mace              |    78 |   165 |    89 |    34 |       ||   366
       Morningstar       |       |       |       |    19 |    31 ||    50
 Cast: Sandblast         |    21 |    46 |    90 |   142 |   129 ||   428
       Stone Arrow       |       |       |    31 |   321 |    99 ||   451
Evoke: Wand              |       |       |       |       |     2 ||     2
  Use: Scroll            |       |       |     1 |    19 |     4 ||    24
 Stab: Sleeping          |     1 |     5 |       |     1 |       ||     7
  Eat: Chunk             |     2 |     6 |     8 |    25 |     6 ||    47
       Ration            |       |       |     1 |     2 |     1 ||     4
Armor: Robe              |    38 |    66 |    81 |    72 |    82 ||   339
Dodge: Dodged            |    71 |   128 |   103 |   134 |   106 ||   542
